 Dungeon Crawl Stone Soup version 0.21.1-1-g345015fe64 (webtiles) character file.

1820533 rupin the Wrestler (level 27, 354/384 HPs)
             Began as an Ogre Transmuter on June 10, 2018.
             Was the Champion of Okawaru.
             Escaped with the Orb
             ... and 4 runes on June 16, 2018!
             The game lasted 12:03:43 (111387 turns).

rupin the Wrestler (Ogre Transmuter)              Turns: 111387, Time: 12:03:44

Health: 354/384    AC: 32    Str: 28      XL:     27
Magic:  36/48      EV: 18    Int: 24 (26) God:    Okawaru [******]
Gold:   3144       SH: 17    Dex: 10      Spells: 8/50 levels left

rFire    + + .     SeeInvis +     - Unarmed
rCold    + + +     Gourm    .   Z - +0 shield {AC+3}
rNeg     + . .     Faith    .   (armour currently unavailable)
rPois    ∞         Spirit   .   J - +0 hat "Ewogiy" {rElec rC+ Int+4}
rElec    +         Reflect  +   A - +0 cloak of Leapfrog {rElec rC+ Str+5 Int+3}
rCorr    +         Harm     .   (gloves unavailable)
MR       ++...                  (boots unavailable)
Stlth    +.........             G - +4 amulet of reflection
HPRegen  0.74/turn              K - ring "Xuiwnuun" {rElec MP+9 SInv}
MPRegen  0.31/turn              E - ring "Xeism" {rF+ rC+}

@: statue-form (expiring), resistant, heroism, finesse, very slow
A: large, unfitting armour, clumsy 1
0: Orb of Zot
}: 4/15 runes: decaying, silver, abyssal, gossamer
a: End Transformation, Heroism, Finesse, Renounce Religion


You escaped.
You worshipped Okawaru.
Okawaru was exalted by your worship.
You were not hungry.
You were a stone statue.
You visited 10 branches of the dungeon, and saw 50 of its levels.
You visited the Abyss 1 time.
You also visited: Labyrinth and Ice Cave.

You collected 7073 gold pieces.
You spent 3929 gold pieces at shops.

Inventory:

Hand Weapons
 I - the +6 rapier of Putrescence {antimagic, Dex+2}
   (You found it on level 3 of the Elven Halls)

   It reduces the magical energy of the wielder, and disrupts the spells and
   magical abilities of those hit.
   Natural abilities and divine invocations are not affected.
   It affects your dexterity (+2).
Missiles
 a - 991 arrows
 k - 7 throwing nets
 s - 111 large rocks (quivered)
Armour
 h - +6 swamp dragon scales (melded)
 A - the +0 cloak of Leapfrog (worn) {rElec rC+ Str+5 Int+3}
   (Okawaru gifted it to you on level 1 of the Elven Halls)

   It affects your strength (+5).
   It affects your intelligence (+3).
   It protects you from cold.
   It insulates you from electricity.
 J - the +0 hat "Ewogiy" (worn) {rElec rC+ Int+4}
   (You found it on level 2 of the Depths)

   It affects your intelligence (+4).
   It protects you from cold.
   It insulates you from electricity.
 Z - a +0 shield of protection (worn)
Jewellery
 i - an uncursed ring of protection from magic
 E - the ring "Xeism" (right hand) {rF+ rC+}
   (You bought it in a shop on level 2 of the Orcish Mines)

   [ring of protection from fire]

   It protects you from fire.
   It protects you from cold.
 G - a +4 amulet of reflection (around neck)
 K - the ring "Xuiwnuun" (left hand) {rElec MP+9 SInv}
   (You took it off a deep elf mage on level 3 of the Elven Halls)

   [ring of magical power]

   It insulates you from electricity.
   It affects your magic capacity (+9).
   It lets you see invisible.
 O - an uncursed ring of protection from fire
Wands
 t - a wand of scattershot (6)
 v - a wand of disintegration (60)
 D - a wand of clouds (28)
 N - a wand of iceblast (66)
 P - a wand of digging (50)
 X - a wand of acid (22)
Scrolls
 b - a scroll of torment
 c - 18 scrolls of identify
 e - 9 scrolls of teleportation
 m - 9 scrolls of enchant weapon
 u - 4 scrolls of immolation
 x - a scroll of blinking
 y - a scroll of brand weapon
 z - 25 scrolls of remove curse
 B - 4 scrolls of magic mapping
 H - 2 scrolls of amnesia
 L - 2 scrolls of holy word
 M - 2 scrolls of enchant armour
 Q - 4 scrolls of fog
 R - 2 scrolls of silence
 S - 4 scrolls of summoning
 W - 4 scrolls of vulnerability
 Y - 5 scrolls of fear
Potions
 f - 2 potions of agility
 g - 2 potions of heal wounds
 l - a potion of invisibility
 n - 7 potions of mutation
 o - 3 potions of resistance
 q - 4 potions of magic
 r - a potion of berserk rage
 w - 6 potions of brilliance
 C - 7 potions of flight
 F - 6 potions of curing
 U - a potion of haste
 V - 2 potions of cancellation
Miscellaneous
 j - a fan of gales
Comestibles
 d - 37 rations


   Skills:
 - Level 21.0(26.0) Fighting
 - Level 11.0(16.0) Throwing
 - Level 4.3(9.3) Armour
 - Level 14.1(19.1) Dodging
 - Level 9.0(14.0) Shields
 * Level 23.2(27) Unarmed Combat
 - Level 12.1 Spellcasting
 - Level 14.1 Hexes
 - Level 5.0 Translocations
 - Level 18.0 Transmutations
 - Level 6.0 Ice Magic
 - Level 4.4 Air Magic
 - Level 8.0 Earth Magic
 - Level 4.6 Poison Magic
 - Level 12.0 Invocations
 + Level 12.0 Evocations


You had 8 spell levels left.
You knew the following spells:

 Your Spells              Type           Power        Failure   Level  Hunger
a - Beastly Appendage     Tmut           ######       0%          1    None
b - Sticks to Snakes      Tmut           #######.     0%          2    None
c - Spider Form           Tmut/Pois      ######....   1%          3    None
d - Ice Form              Ice/Tmut       ######..     1%          4    None
e - Blade Hands           Tmut           #######...   1%          5    ###....
f - Apportation           Tloc           #####.       1%          1    None
g - Blink                 Tloc           N/A          1%          2    None
h - Passage of Golubria   Tloc           N/A          5%          4    None
i - Statue Form           Tmut/Erth      ######...    3%          6    #####..
j - Mephitic Cloud        Conj/Pois/Air  ####....     3%          3    None
k - Invisibility          Hex            ######..     1%          6    #####..
l - Summon Butterflies    Summ           ##......     4%          1    None
m - Passwall              Tmut/Erth      ######....   1%          2    None
n - Swiftness             Chrm/Air       ####....     2%          2    None


Dungeon Overview and Level Annotations

Branches:
Dungeon (15/15)            Temple (1/1) D:7            Lair (6/6) D:11
  Swamp (4/4) Lair:2       Spider (4/4) Lair:4        Slime (0/5) Lair:6
    Orc (2/2) D:9             Elf (3/3) Orc:2        Vaults (5/5) D:13
  Crypt (0/3) Vaults:2     Depths (5/5) D:15            Zot (5/5) Depths:5

Altars:
Ashenzari
Cheibriados
Dithmenos
Elyvilon
Fedhas
Gozag
Hepliaklqana
Kikubaaqudgha
Makhleb
Nemelex Xobeh
Okawaru
Qazlal
Ru
Sif Muna
Trog
Uskayaw
Vehumet
Wu Jian
Xom
Yredelemnul
Zin
The Shining One
Beogh
Lugonu

Shops:
D:6 (   D:14 *   Orc:2 ??=(   Vaults:1 *   Vaults:2 [   Vaults:4 ?

Portals:
Hell: Depths:1 Depths:2 Depths:3 Depths:4 Depths:5
Abyss: Depths:3 Depths:4
Pandemonium: Depths:1 Depths:3 Depths:4
Ziggurat: Depths:5

Annotations:
D:11 exclusion: downstairs
Lair:4 exclusions: 2 downstairs and 2 oklob plants
Lair:5 Gargoyl's ghost, journeyman CeAK
Lair:6 exclusion: oklob plant
Swamp:3 exclusion: downstairs
Spider:2 exclusion: downstairs
Orc:2 yes
Zot:3 exclusion: downstairs


Innate Abilities, Weirdness & Mutations

You are too large for most types of armour.
((You have tough skin. (AC +1)))
You are clumsy. (Dex -2)


Message History

You hear some strange, mumbled words.
An iron shot appears from out of thin air!
The iron shot reflects off an invisible shield around you!
The iron shot hits something.
Okawaru accepts your kill.
Reactivating autopickup.
Your life force feels restored.
You feel a bit more experienced.
Put on which piece of jewellery? (? for menu, Esc to quit)
You're wearing all the rings you can.
Remove which one? (? for menu, Esc to cancel) < or
i - a ring of protection from magic > or
E - the ring "Xeism" {rF+ rC+} You remove your ring of protection from magic.
You feel your magic capacity increase.
K - the ring "Xuiwnuun" (left hand) {rElec MP+9 SInv} Your transformation is almost over.
There is an open door here.
There is a staircase leading out of the dungeon here.
You have escaped!

##♣...............#
......♣#'''#♣♣♣...#
...♣♣###...###♣♣.♣#
.♣♣♣ #.......# ♣♣♣
♣♣####....8..####
###..#.......#..###
#....#.8...8.'....#
#....#...⌠...#....#
#.⌠..'.8.....#..8.#
#....#...8...#....#
###################


There were no monsters in sight!

Vanquished Creatures
  11 ancient liches
  4 orbs of fire
  A juggernaut (Depths:5)
  The ghost of GreedyOne the Executioner, a legendary FoFi of Uskayaw (Zot:3)
  3 pandemonium lords
  Saint Roka (Depths:3)
  Bai Suzhen (Spider:2)
  A curse toe (Zot:5)
  3 Killer Klowns (Zot:5)
  Jory (Depths:4)
  the Enchantress (Depths:2)
  6 golden dragons
  A bone dragon (Depths:5)
  A Brimstone Fiend (D:15)
  Arachne (Spider:2)
  4 electric golems
  Jorgrun (Spider:4)
  16 tentacled monstrosities
  6 liches
  A Hell Sentinel (D:10)
  An Ice Fiend (IceCv)
  30 Orb Guardians
  7 titans (Vaults:5)
  Asterion (Spider:1)
  3 deep elf blademasters
  4 death cobs
  5 quicksilver dragons
  A deep elf master archer (Elf:3)
  5 sphinxes
  A tentacled starspawn (Abyss:4)
  An Executioner (D:15)
  3 thorn hunters
  10 shadow dragons
  2 tengu reavers
  2 draconian monks
  13 storm dragons
  11 frost giants
  An orc warlord (Vaults:4)
  3 draconian knights
  4 fire giants
  6 deep elf sorcerers
  Aizul (Swamp:1)
  5 draconian scorchers
  2 balrugs
  6 ghost moths
  3 cacodemons
  5 emperor scorpions
  8 deep elf elementalists
  9 draconian shifters
  11 vault wardens
  2 draconian stormcallers
  A reaper (Depths:1)
  6 caustic shrike skeletons (Depths:2)
  5 draconian annihilators
  17 stone giants
  6 spriggan defenders
  2 war gargoyles (Vaults:5)
  10 black draconians
  11 green draconians
  15 ironheart preservers
  Nessos (D:12)
  15 very ugly things
  3 entropy weavers
  A vampire knight (Depths:5)
  A deep elf demonologist (Elf:3)
  10 deep elf annihilators
  7 white draconians
  9 red draconians
  11 yellow draconians
  12 purple draconians
  3 spark wasps
  8 ettins
  A minotaur (Lab)
  2 jiangshi (Depths:1)
  3 fire dragons
  A crystal guardian (Vaults:4)
  9 deep elf death magi
  A fire dragon (shapeshifter) (Vaults:5)
  A green death (Abyss:4)
  7 deep elf high priests
  6 great orbs of eyes
  11 yaktaur captains
  35 vault guards
  4 rakshasas
  10 ice dragons
  14 hydras
  An anaconda (Depths:2)
  8 spriggan air magi
  A ghost crab (Swamp:2)
  7 ogre magi
  15 centaur warriors
  14 two-headed ogres
  8 alligators
  10 deep troll shamans
  9 deep troll earth magi
  2 tengu warriors (Depths:1)
  A vampire mage (Depths:1)
  6 orc high priests
  Urug (D:12)
  33 dancing weapons
  7 spriggan berserkers
  A thrashing horror (Abyss:4)
  2 small abominations
  A shock serpent (shapeshifter) (Vaults:5)
  3 sun demons
  A soul eater (Depths:3)
  25 deep elf knights
  A fire crab (Lair:6)
  8 skeletal warriors
  4 sixfirhies
  19 hell knights
  3 wretched stars (Abyss:4)
  A sea snake (shapeshifter) (Vaults:5)
  A fire crab (shapeshifter) (D:15)
  An unseen horror (shapeshifter) (D:15)
  3 flayed ghosts
  3 unseen horrors
  42 deep trolls
  3 iron trolls (Depths:4)
  13 swamp dragons
  A torturous demonspawn (D:15)
  11 ironbrand convokers
  4 wizards
  32 deep elf archers
  9 spriggan druids
  6 glowing orange brains
  11 harpies
  A shadow demon (D:15)
  An orange crystal statue (Abyss:4)
  15 orc knights
  60 deep elf magi
  A human zombie (Vaults:1)
  2 phantasmal warriors (Vaults:5)
  9 necromancers
  An iron dragon zombie (Depths:1)
  20 orb spiders
  54 ugly things
  40 wolf spiders
  A stone giant zombie (Vaults:1)
  A salamander (D:14)
  10 cyclopes
  5 orc sorcerers
  3 manticores
  An ice statue (IceCv)
  A moth of wrath (shapeshifter) (Vaults:5)
  22 moths of wrath
  A salamander (shapeshifter) (Vaults:2)
  An apocalypse crab (Abyss:4)
  4 elephants
  A stone giant skeleton (Vaults:1)
  8 black mambas
  Joseph (D:8)
  2 rust devils (Depths:1)
  13 vault sentinels
  A fire giant skeleton (Depths:1)
  2 molten gargoyles (Lair:6)
  14 spiny frogs
  A spiny frog (shapeshifter) (Vaults:2)
  4 orange demons
  The ghost of hofbold the Poker, a novice MfGl (D:3)
  4 gargoyles
  4 smoke demons
  A yaktaur zombie (Vaults:1)
  A hellion (Zot:5)
  8 rime drakes
  3 centaur skeletons
  A kobold demonologist (D:13)
  2 anaconda simulacra (IceCv)
  5 freezing wraiths
  12 komodo dragons
  19 yaktaurs
  4 ice devils (IceCv)
  13 demonic crawlers
  5 hellwings
  5 tengu conjurers
  10 trolls
  A queen bee (Lair:3)
  29 jumping spiders
  A merfolk (D:12)
  A yaktaur skeleton (Vaults:1)
  A polar bear (Lair:6)
  An ancient zyme (Abyss:4)
  2 jumping spiders (shapeshifter)
  43 hornets
  A harpy skeleton (D:15)
  A wolf spider simulacrum (IceCv)
  Grinder (D:6)
  4 blink frogs
  5 tyrant leeches
  30 slime creatures
  2 stone giant simulacra (Vaults:1)
  A hippogriff (shapeshifter) (Depths:1)
  5 bog bodies
  15 hippogriffs
  13 air elementals
  15 dream sheep (Lair:5)
  49 redbacks
  An ettin skeleton (Depths:1)
  A shadow (Swamp:1)
  A ynoxinul (Zot:2)
  49 spriggans
  20 wyverns
  32 tarantellas
  6 dire elephant simulacra (IceCv)
  50 yaks
  Sigmund (D:5)
  A spriggan (shapeshifter) (Vaults:3)
  14 water elementals
  3 fire elementals
  A human (shapeshifter) (Depths:2)
  A yak (shapeshifter) (Depths:1)
  2 wraiths (D:12)
  A basilisk (shapeshifter) (D:15)
  2 chaos spawn
  16 humans
  16 basilisks
  2 steam dragons
  20 vampire mosquitoes
  9 neqoxecs
  A hungry ghost (D:10)
  2 human simulacra (Vaults:1)
  A yaktaur simulacrum (Vaults:1)
  26 swamp worms
  8 wargs
  2 iron troll simulacra (IceCv)
  4 soldier ants
  17 large abominations
  A swamp worm (shapeshifter) (Depths:5)
  A harpy simulacrum (IceCv)
  3 hydra simulacra (IceCv)
  8 insubstantial wisps
  10 water moccasins
  6 hell hounds
  A soldier ant (shapeshifter) (D:15)
  4 acid dragons
  71 orc warriors
  An alligator simulacrum (IceCv)
  5 porcupines
  19 swamp drakes
  2 deep troll skeletons
  An ettin simulacrum (IceCv)
  4 sky beasts
  An eye of draining (shapeshifter) (Vaults:4)
  6 ice beasts
  2 eyes of draining
  25 ogres
  3 necrophages
  An ogre (shapeshifter) (Vaults:1)
  18 wolves
  15 boggarts
  12 centaurs
  4 phantoms
  12 crocodiles
  2 big kobolds
  4 elf zombies (Elf:1)
  12 bullfrogs
  A gnoll sergeant (D:5)
  A wyvern skeleton (D:12)
  5 earth elementals
  5 scorpions
  An orc simulacrum (Vaults:1)
  30 killer bees (Lair:3)
  A vampire bat (D:6)
  4 howler monkeys
  3 electric eels
  5 crimson imps
  5 lava snakes (Lair:6)
  4 bullfrog zombies
  3 centaur zombies
  5 hounds
  3 starcursed masses (Abyss:4)
  4 draconian simulacra (IceCv)
  A jelly (shapeshifter) (Depths:5)
  38 orc wizards
  33 orc priests
  6 jellies
  An iron imp (D:15)
  3 iguanas
  2 hell rats (Lair:3)
  14 worker ants
  3 troll simulacra (IceCv)
  4 wolf simulacra (IceCv)
  6 centaur simulacra
  A hound skeleton (D:5)
  A howler monkey zombie (D:5)
  8 gnolls
  8 adders
  4 ogre simulacra
  3 naga simulacra (IceCv)
  3 shadow imps
  10 white imps
  3 ufetubi (IceCv)
  15 oozes
  3 worms
  4 dart slugs
  5 leopard geckos
  121 orcs
  2 ball pythons
  8 bats
  3 bat skeletons (D:6)
  4 bat zombies (D:6)
  3 giant cockroaches
  3 goblins
  4 hobgoblins
  9 jackals
  3 quokkas
  5 frilled lizards
  2 jackal skeletons
  A jackal zombie (D:6)
  19 kobolds
  A leopard gecko skeleton (D:7)
  3 quokka skeletons
  4 rats
  A crawling corpse (Elf:3)
  A starspawn tentacle (Abyss:4)
2462 creatures vanquished.

Vanquished Creatures (collateral kills)
  2 hydras
  An orc knight (Vaults:1)
  An orb spider (Spider:4)
  A necromancer (Vaults:1)
  A vault sentinel (Vaults:1)
  A yaktaur (D:15)
  A jumping spider (Spider:4)
  A hungry ghost (D:12)
  A black bear (D:6)
  An iguana (D:11)
  2 worker ants
  7 adders
  5 orcs
  A goblin (D:2)
  A hobgoblin (D:2)
  A jackal (D:10)
  A kobold (D:2)
  A plant (Lair:3)
30 creatures vanquished.

Vanquished Creatures (others)
  A deep elf master archer (Elf:3)
  A draconian shifter (Zot:2)
  3 yaktaur captains (Vaults:5)
  A centaur warrior (Vaults:3)
  A hell knight (Depths:5)
  A sixfirhy (Zot:5)
  A deep troll (Depths:4)
  A deep elf archer (Elf:3)
  The ghost of Kohma the Quickloader, a novice KoHu of Okawaru (D:8)
  A wizard (Vaults:3)
  2 deep elf magi
  A cyclops (Vaults:2)
  A moth of wrath (Zot:5)
  4 yaktaurs
  A tengu conjurer (Depths:2)
  A spriggan (Depths:2)
  3 redbacks
  An ice beast (D:8)
  2 orc warriors
  A phantom (D:8)
  A boggart (Vaults:2)
  A small abomination (Abyss:4)
  A white imp (IceCv)
  3 ufetubi (IceCv)
  A leopard gecko (D:8)
  2 orcs (Depths:4)
  14 fungi
  12 plants
  A starspawn tentacle (Abyss:4)
65 creatures vanquished.

Grand Total: 2557 creatures vanquished

Notes
Turn   | Place    | Note
-------+----------+-------------------------------------------
     0 | D:1      | rupin the Ogre Transmuter began the quest for the Orb.
     0 | D:1      | Reached XP level 1. HP: 19/19 MP: 3/3
   177 | D:1      | Reached skill level 3 in Unarmed Combat
   177 | D:1      | Reached XP level 2. HP: 25/28 MP: 0/5
   181 | D:1      | Learned a level 2 spell: Sticks to Snakes
   885 | D:1      | Reached XP level 3. HP: 35/35 MP: 6/6
  1061 | D:1      | Learned a level 3 spell: Spider Form
  1739 | D:2      | Reached XP level 4. HP: 42/44 MP: 2/7
  2279 | D:2      | Reached skill level 1 in Poison Magic
  2284 | D:2      | Reached XP level 5. HP: 44/53 MP: 2/8
  2489 | D:2      | Reached skill level 4 in Unarmed Combat
  2632 | D:3      | Noticed hofbold's ghost (novice MfGl)
  3419 | D:4      | Noticed a centaur
  3438 | D:4      | Killed a centaur
  3438 | D:4      | Reached XP level 6. HP: 11/62 MP: 1/9
  4549 | D:4      | Found a sparkling altar of Nemelex Xobeh.
  4742 | D:4      | Reached skill level 5 in Unarmed Combat
  4998 | D:4      | Found a deep blue altar of Sif Muna.
  5012 | D:4      | Reached XP level 7. HP: 71/71 MP: 1/10
  5445 | D:4      | Found a glowing silver altar of Zin.
  5703 | D:5      | Entered Level 5 of the Dungeon
  6234 | D:5      | Reached skill level 5 in Fighting
  6643 | D:5      | Reached skill level 6 in Unarmed Combat
  6686 | D:5      | Found a white marble altar of Elyvilon.
  6686 | D:5      | Found a sparkling altar of Nemelex Xobeh.
  6714 | D:5      | Reached XP level 8. HP: 59/83 MP: 3/12
  6946 | D:5      | Found a burning altar of Makhleb.
  7556 | D:5      | Found a hide-covered altar of Uskayaw.
  7687 | D:5      | Noticed Sigmund
  7698 | D:5      | Killed Sigmund
  7809 | D:5      | Found a basalt altar of Yredelemnul.
  7921 | D:5      | Found an ornate altar of the Wu Jian Council.
  8072 | D:6      | Reached skill level 7 in Unarmed Combat
  8078 | D:6      | Learned a level 4 spell: Ice Form
  8114 | D:6      | Noticed a wyvern
  8130 | D:6      | Killed a wyvern
  8673 | D:6      | Found Asaykuan's Antique Weapon Emporium.
  8696 | D:6      | Reached XP level 9. HP: 81/93 MP: 10/13
  9053 | D:6      | Noticed Grinder
  9079 | D:7      | Reached skill level 8 in Unarmed Combat
  9244 | D:7      | Found a snail-covered altar of Cheibriados.
  9880 | D:7      | Reached skill level 1 in Ice Magic
  9923 | D:7      | Found a staircase to the Ecumenical Temple.
  9932 | Temple   | Entered the Ecumenical Temple
 10588 | D:8      | Killed Kohma's ghost
 10767 | D:8      | Noticed Joseph
 10804 | D:8      | Killed Joseph
 10804 | D:8      | Reached skill level 5 in Transmutations
 11391 | D:8      | Reached XP level 10. HP: 102/104 MP: 12/14
 11798 | D:9      | Reached skill level 9 in Unarmed Combat
 12071 | D:9      | Noticed a two-headed ogre
 12090 | D:9      | Killed a two-headed ogre
 13202 | D:9      | Found a staircase to the Orcish Mines.
 13317 | D:10     | Entered Level 10 of the Dungeon
 13503 | D:6      | Found an ancient bone altar of Kikubaaqudgha.
 13641 | D:6      | Found an iron altar of Okawaru.
 13642 | D:6      | Found a bloodstained altar of Trog.
 13649 | D:6      | Became a worshipper of Warmaster Okawaru
 13698 | D:6      | Killed Grinder
 13698 | D:6      | Reached skill level 5 in Spellcasting
 13984 | D:3      | Killed hofbold's ghost
 14513 | D:10     | Reached skill level 5 in Dodging
 14514 | D:10     | Reached * piety under Okawaru
 15393 | D:11     | Reached XP level 11. HP: 116/116 MP: 16/20
 15445 | D:11     | Reached skill level 1 in Invocations
 15453 | D:11     | Reached ** piety under Okawaru
 15534 | D:11     | Reached skill level 10 in Fighting
 15981 | D:11     | Reached skill level 10 in Unarmed Combat
 16592 | D:11     | Reached *** piety under Okawaru
 16728 | D:11     | Noticed a green ugly thing
 16747 | D:11     | Killed a green ugly thing
 16987 | D:11     | Noticed a six-headed hydra
 16999 | D:11     | Killed a six-headed hydra
 17697 | D:11     | Found a staircase to the Lair.
 17978 | D:4      | Identified Sif Muna's Grimoire of the Entourage
 18013 | D:4      | Learned a level 5 spell: Blade Hands
 18230 | Lair:1   | Entered Level 1 of the Lair of Beasts
 18764 | Lair:1   | Reached **** piety under Okawaru
 19129 | Lair:1   | Reached XP level 12. HP: 90/129 MP: 14/24
 19758 | Lair:2   | Found a staircase to the Swamp.
 20339 | Lair:3   | Found a labyrinth entrance.
 20348 | Lab      | Entered a labyrinth
 20576 | Lab      | Noticed a minotaur
 20585 | Lab      | Killed a minotaur
 20721 | Lab      | Got a faintly glowing whip {flame}
 20722 | Lab      | Identified the +8 whip "Omim" {flame, *Slow +Rage rElec Str-3} (You took it off a minotaur in a labyrinth)
 20868 | Lair:3   | Reached skill level 5 in Ice Magic
 21650 | Lair:3   | Reached ***** piety under Okawaru
 21992 | Lair:3   | Reached skill level 11 in Unarmed Combat
 22870 | Lair:4   | Received a gift from Okawaru
 22880 | Lair:4   | Got a shadowed robe {god gift}
 22929 | Lair:4   | Identified the +0 robe "Poojoar" {rPois Int+3 Slay+2} (Okawaru gifted it to you on level 4 of the Lair of Beasts)
 23211 | Lair:4   | Reached XP level 13. HP: 140/140 MP: 25/25
 23287 | Lair:4   | Found a hole to the Spider Nest.
 24374 | Lair:5   | Noticed Gargoyl's ghost (journeyman CeAK)
 24705 | Lair:5   | Reached skill level 5 in Invocations
 25747 | Lair:5   | Received a gift from Okawaru
 26002 | Lair:5   | Reached skill level 12 in Unarmed Combat
 26271 | Lair:6   | Entered Level 6 of the Lair of Beasts
 26599 | Lair:6   | Reached XP level 14. HP: 153/153 MP: 26/26
 26759 | Lair:6   | Found a staircase to the Slime Pits.
 27038 | Lair:6   | Reached ****** piety under Okawaru
 27076 | Lair:6   | Received a gift from Okawaru
 27861 | Lair:6   | Found a large runed door.
 27862 | Lair:6   | Found a large runed door.
 28537 | Orc:1    | Entered Level 1 of the Orcish Mines
 28896 | Orc:1    | Found a roughly hewn altar of Beogh.
 29055 | Orc:1    | Received a gift from Okawaru
 29120 | Orc:1    | Reached skill level 10 in Dodging
 29259 | Orc:2    | Entered Level 2 of the Orcish Mines
 29775 | Orc:2    | Received a gift from Okawaru
 30197 | Orc:2    | Found a staircase to the Elven Halls.
 30885 | Orc:2    | Received a gift from Okawaru
 31009 | Orc:2    | Found Caawkem's Weapon Boutique.
 31009 | Orc:2    | Found Huironin's Jewellery Boutique.
 31010 | Orc:2    | Found Waseguas's Magic Scroll Shop.
 31010 | Orc:2    | Found Zulasuf's Magic Scroll Boutique.
 31022 | Orc:2    | Bought a scroll of blinking for 90 gold pieces
 31022 | Orc:2    | Bought a scroll of enchant armour for 90 gold pieces
 31022 | Orc:2    | Bought a scroll of fog for 24 gold pieces
 31022 | Orc:2    | Bought a scroll of teleportation for 36 gold pieces
 31022 | Orc:2    | Bought a scroll of teleportation for 36 gold pieces
 31025 | Orc:2    | Bought 15 arrows for 48 gold pieces
 31093 | Orc:2    | Bought a +4 amulet of reflection for 351 gold pieces
 31279 | Orc:2    | Reached skill level 15 in Fighting
 31516 | Orc:1    | Reached skill level 1 in Shields
 32247 | D:12     | Reached XP level 15. HP: 166/167 MP: 25/27
 32687 | D:12     | Reached skill level 13 in Unarmed Combat
 33233 | D:13     | Noticed Urug
 33412 | D:12     | Killed Urug
 33428 | D:13     | Found a gate to the Vaults.
 33429 | D:13     | Noticed Nessos
 33529 | D:12     | Killed Nessos
 33713 | D:13     | Reached skill level 5 in Shields
 34488 | D:13     | Received a gift from Okawaru
 36208 | Orc:2    | Bought the ring "Xeism" {rF+ rC+} for 507 gold pieces
 36470 | Swamp:1  | Entered Level 1 of the Swamp
 36470 | Swamp:1  | Noticed a thorn hunter
 36476 | Lair:2   | Killed a thorn hunter
 38864 | Swamp:2  | Found a frozen archway.
 38868 | Swamp:2  | Received a gift from Okawaru
 38869 | Swamp:2  | Got a dazzling bardiche {god gift}
 38900 | IceCv    | Entered an ice cave
 39863 | IceCv    | Reached XP level 16. HP: 65/180 MP: 21/28
 41117 | IceCv    | Noticed an Ice Fiend
 41139 | IceCv    | Killed an Ice Fiend
 41727 | IceCv    | Got a flickering graven amulet
 41814 | Swamp:2  | Identified the amulet "Obeol" {Harm *Drain +Blink MR- Str-4 Dex+6} (You found it in an ice cave)
 42279 | Swamp:2  | Noticed Aizul
 42313 | Swamp:1  | Killed Aizul
 43420 | Swamp:2  | Reached skill level 14 in Unarmed Combat
 45144 | Swamp:3  | Noticed a thorn hunter
 45168 | Swamp:3  | Killed a thorn hunter
 45168 | Swamp:3  | Received a gift from Okawaru
 45168 | Swamp:3  | Reached skill level 1 in Armour
 46618 | Swamp:4  | Entered Level 4 of the Swamp
 47454 | Swamp:4  | Noticed a thorn hunter
 47910 | Swamp:4  | Received a gift from Okawaru
 48744 | Swamp:4  | Reached skill level 10 in Spellcasting
 48984 | Swamp:4  | Killed a thorn hunter
 49018 | Swamp:4  | Reached XP level 17. HP: 187/193 MP: 21/31
 49540 | Swamp:4  | Got a decaying rune of Zot
 50001 | D:14     | Found Qeruaraw's Serpentskin Sales.
 51120 | D:15     | Entered Level 15 of the Dungeon
 51604 | D:15     | Received a gift from Okawaru
 51832 | D:15     | Found a shimmering altar of Xom.
 52699 | D:15     | Found a staircase to the Depths.
 53292 | Spider:1 | Entered Level 1 of the Spider Nest
 53310 | Spider:1 | Learned a level 1 spell: Apportation
 54513 | Spider:1 | Reached skill level 10 in Transmutations
 54720 | Spider:1 | Reached skill level 15 in Unarmed Combat
 54778 | Spider:1 | Noticed Asterion
 55306 | Spider:1 | Killed Asterion
 56691 | Spider:2 | Noticed Arachne
 56717 | Spider:2 | Killed Arachne
 60817 | Vaults:1 | Entered Level 1 of the Vaults
 60838 | Vaults:1 | Reached XP level 18. HP: 163/205 MP: 25/32
 61771 | Orc:2    | Bought a scroll of teleportation for 30 gold pieces
 61771 | Orc:2    | Bought a scroll of teleportation for 30 gold pieces
 61771 | Orc:2    | Bought a scroll of acquirement for 520 gold pieces
 61771 | Orc:2    | Bought a scroll of acquirement for 520 gold pieces
 61775 | Orc:2    | Learned a level 2 spell: Blink
 61780 | Orc:2    | Learned a level 4 spell: Passage of Golubria
 61786 | Orc:2    | Identified Kuickueko's Collected Works on Harmful Clay (You acquired it on level 2 of the Orcish Mines)
 61787 | Orc:2    | Bought a scroll of acquirement for 520 gold pieces
 61787 | Orc:2    | Identified the Collected Works on Earthen Envenoming (You acquired it on level 2 of the Orcish Mines)
 61796 | Orc:2    | Learned a level 6 spell: Statue Form
 62141 | Spider:2 | Reached skill level 1 in Earth Magic
 63201 | Spider:3 | Noticed Bai Suzhen
 63294 | Spider:2 | Killed Bai Suzhen
 63294 | Spider:2 | Reached skill level 5 in Earth Magic
 64678 | Spider:3 | Paralysed by a hornet for 2 turns
 64811 | Spider:4 | Entered Level 4 of the Spider Nest
 65745 | Spider:4 | Paralysed by a hornet for 1 turns
 66036 | Spider:4 | Received a gift from Okawaru
 66303 | Spider:4 | Noticed Jorgrun
 66572 | Spider:4 | Killed Jorgrun
 67631 | Spider:4 | Got a gossamer rune of Zot
 68418 | Vaults:1 | Reached XP level 19. HP: 180/214 MP: 27/33
 68697 | Vaults:1 | Found Qeros's Assorted Antiques.
 68922 | Vaults:1 | Received a gift from Okawaru
 68922 | Vaults:1 | HP: 12/278 [vault sentinel/morningstar (8)]
 68929 | Vaults:1 | HP: 12/278 [centaur warrior/arrow (6)]
 68929 | Vaults:1 | HP: 1/278 [centaur warrior/arrow (11)]
 68934 | Vaults:1 | HP: 10/278 [centaur warrior/arrow (10)]
 69944 | D:13     | Received a gift from Okawaru
 71224 | Elf:1    | Entered Level 1 of the Elven Halls
 73456 | Elf:1    | Reached skill level 15 in Transmutations
 73544 | Elf:1    | Received a gift from Okawaru
 73547 | Elf:1    | Got a spiked cloak {god gift}
 73558 | Elf:1    | Identified the +0 cloak of Leapfrog {rElec rC+ Str+5 Int+3} (Okawaru gifted it to you on level 1 of the Elven Halls)
 73649 | Elf:1    | Reached skill level 1 in Translocations
 73913 | Elf:1    | Identified the Catalogue of Unholy Magic
 74804 | Elf:2    | Reached XP level 20. HP: 179/223 MP: 28/34
 74994 | Elf:2    | Found a large runed door.
 74994 | Elf:2    | Found a large runed door.
 75021 | Elf:2    | Reached skill level 5 in Translocations
 75035 | Elf:2    | Found a large runed door.
 75035 | Elf:2    | Found a large runed door.
 76193 | Elf:3    | Entered Level 3 of the Elven Halls
 76717 | Elf:3    | Identified the +6 rapier of Putrescence {antimagic, Dex+2} (You found it on level 3 of the Elven Halls)
 77045 | Elf:3    | Received a gift from Okawaru
 77697 | Elf:3    | Got a scintillating golden ring
 77747 | Elf:3    | Got a shimmering bone ring
 77754 | Elf:3    | Got a vibrating granite ring
 77756 | Elf:3    | Identified the ring "Xuiwnuun" {rElec MP+9 SInv} (You took it off a deep elf mage on level 3 of the Elven Halls)
 77758 | Elf:3    | Identified the ring "Koylepytoa" {rElec rPois rC- Dex+4 Slay+2} (You took it off a deep elf annihilator on level 3 of the Elven Halls)
 77761 | Elf:3    | Identified the ring "Cuinkueb" {rPois rC++ rN+ Str-3 Dex+3} (You took it off a deep elf death mage on level 3 of the Elven Halls)
 77766 | Elf:3    | Got a warped crystal amulet
 77768 | Elf:3    | Identified the amulet "Pehyelum" {RegenMP Fragile rC+ Dex+2} (You took it off a deep elf death mage on level 3 of the Elven Halls)
 77983 | Elf:3    | Reached XP level 21. HP: 229/234 MP: 32/37
 78705 | Elf:3    | Identified the +9 shortbow of Woedomp {speed, *Drain rElec Int+8} (You found it on level 3 of the Elven Halls)
 78708 | Elf:3    | Identified the +6 hunting sling of Quick Death {freeze, Str+5} (You found it on level 3 of the Elven Halls)
 78798 | Elf:3    | Got a bone flail {venom}
 78799 | Elf:3    | Identified the +8 flail of Wavvac {venom, *Drain rF+ Dex+4} (You took it off a deep elf knight on level 3 of the Elven Halls)
 79588 | D:11     | Got a steaming mace
 79589 | D:11     | Identified the cursed +1 mace of the Present {freeze, *Noise rF++ MR- Stlth+} (You found it on level 11 of the Dungeon)
 80420 | Vaults:1 | Received a gift from Okawaru
 80434 | Vaults:1 | Got an iridescent great sword {god gift}
 80440 | Vaults:1 | Identified the +4 great sword "Elladaim" {flame, rF- Int+5} (Okawaru gifted it to you on level 1 of the Vaults)
 80591 | Vaults:1 | Bought a bloodstained dagger for 203 gold pieces
 80592 | Vaults:1 | Identified the cursed +1 dagger "Xoipriost" {pierce, rN+ Int+3 SInv} (You bought it in a shop on level 1 of the Vaults)
 80612 | Vaults:1 | Learned a level 3 spell: Mephitic Cloud
 81365 | Vaults:2 | Reached skill level 1 in Air Magic
 81918 | Vaults:2 | Found Jaryer's Armour Shoppe.
 81924 | Vaults:2 | Paralysed by a sphinx for 3 turns
 82964 | Vaults:2 | Found a staircase to the Crypt.
 82964 | Vaults:2 | Found an ancient bone altar of Kikubaaqudgha.
 82964 | Vaults:2 | Found a basalt altar of Yredelemnul.
 83514 | Orc:2    | Bought a scroll of acquirement for 520 gold pieces
 83525 | Orc:2    | Learned a level 6 spell: Invisibility
 84066 | Vaults:3 | Received a gift from Okawaru
 84066 | Vaults:3 | Reached skill level 1 in Hexes
 85138 | Vaults:3 | Reached skill level 5 in Hexes
 85439 | Vaults:4 | Reached XP level 22. HP: 244/244 MP: 38/38
 85505 | Vaults:4 | Received a gift from Okawaru
 85835 | Vaults:4 | Received a gift from Okawaru
 86439 | Vaults:4 | Found Daohene's Magic Scroll Emporium.
 86457 | Vaults:4 | Bought a scroll of magic mapping for 42 gold pieces
 86828 | Vaults:4 | Reached skill level 16 in Unarmed Combat
 87632 | Depths:1 | Entered Level 1 of the Depths
 87882 | Depths:1 | Found a one-way gate leading to the halls of Pandemonium.
 88015 | Depths:1 | Found a gateway to Hell.
 88541 | Depths:1 | Paralysed by a great orb of eyes for 7 turns
 88606 | Depths:1 | Received a gift from Okawaru
 89173 | Depths:2 | Reached XP level 23. HP: 257/257 MP: 35/39
 89195 | Depths:2 | Reached skill level 10 in Hexes
 89451 | Depths:2 | Identified the +0 hat "Ewogiy" {rElec rC+ Int+4} (You found it on level 2 of the Depths)
 89497 | Depths:2 | Noticed the Enchantress
 89556 | Depths:2 | Killed the Enchantress
 89781 | Depths:2 | Got faerie dragon scales
 90232 | Depths:2 | Found a bloodstained altar of Trog.
 90346 | Depths:2 | Reached skill level 17 in Unarmed Combat
 90715 | Depths:2 | Identified Sif Muna's Disquisition on Displaced Dark Rituals
 92603 | Depths:3 | Reached skill level 1 in Throwing
 92609 | Depths:3 | Received a gift from Okawaru
 92619 | Depths:3 | Reached skill level 10 in Invocations
 93107 | Depths:3 | Found a corrupted altar of Lugonu.
 93107 | Depths:3 | Found a one-way gate to the infinite horrors of the Abyss.
 93365 | Depths:4 | Noticed Saint Roka
 93390 | Depths:3 | Killed Saint Roka
 93390 | Depths:3 | Reached skill level 5 in Throwing
 93495 | Depths:4 | Noticed Jory
 93509 | Depths:4 | Killed Jory
 93738 | Depths:4 | Received a gift from Okawaru
 94466 | Depths:4 | Reached XP level 24. HP: 270/270 MP: 35/39
 94537 | Depths:4 | Identified Lom Lobon's Incunabulum of Displacement
 95045 | Depths:5 | Entered Level 5 of the Depths
 95595 | Depths:5 | Received a gift from Okawaru
 95759 | Depths:5 | Found a gateway to a ziggurat.
 95877 | Depths:5 | Found the +0 Maxwell's etheric cage {RegenMP+ *Contam rElec MP+4}
 95893 | Depths:5 | Noticed a juggernaut
 95905 | Depths:5 | Killed a juggernaut
 96228 | Depths:5 | Found a shattered altar of Ashenzari.
 96297 | Depths:5 | Reached skill level 10 in Throwing
 96705 | Depths:5 | Received a gift from Okawaru
 96724 | Depths:5 | Found a gate to the Realm of Zot.
 97038 | Depths:5 | Learned a level 1 spell: Summon Butterflies
 97669 | Vaults:1 | Bought a scroll of immolation for 101 gold pieces
 97669 | Vaults:1 | Bought a potion of curing for 87 gold pieces
 97669 | Vaults:1 | Bought a potion of might for 116 gold pieces
 97669 | Vaults:1 | Bought a scroll of fog for 58 gold pieces
 98271 | Vaults:5 | Entered Level 5 of the Vaults
 98336 | Vaults:5 | Reached XP level 25. HP: 177/278 MP: 36/39
 98386 | Vaults:5 | Received a gift from Okawaru
 98463 | Vaults:5 | Noticed an ancient lich
 98474 | Vaults:5 | Killed an ancient lich
 99711 | Vaults:5 | Got a silver rune of Zot
 99831 | Vaults:5 | Got a heavily runed gossamer ring
 99845 | Vaults:5 | Identified the ring of Propriety {rElec rN+ Int-5 Dex+4 Stlth+} (You took it off an ironbrand convoker on level 5 of the Vaults)
100105 | Vaults:5 | Received a gift from Okawaru
100172 | Vaults:5 | Got a transparent iron ring
100173 | Vaults:5 | Identified the ring "Huodajiun" {rPois EV+3} (You found it on level 5 of the Vaults)
100187 | Vaults:5 | Found the +5 robe of Night {Dark MR+ SInv}
100545 | Vaults:5 | Learned a level 2 spell: Passwall
100548 | Vaults:5 | Learned a level 2 spell: Swiftness
101048 | Zot:1    | Entered Level 1 of the Realm of Zot
101093 | Zot:1    | Received a gift from Okawaru
101307 | Zot:1    | Received a gift from Okawaru
101315 | Zot:1    | Reached XP level 26. HP: 288/288 MP: 39/39
101755 | Zot:1    | Identified the ring "Kiutyt" {rPois Str+3} (You acquired it on level 1 of the Realm of Zot)
101827 | Zot:1    | Received a gift from Okawaru
102359 | Zot:2    | Cast into level 4 of the Abyss (a Zot trap)
102363 | Abyss:4  | Reached skill level 1 in Evocations
102363 | Abyss:4  | Gained mutation: You are clumsy. (Dex -2) [a neqoxec]
102368 | Abyss:4  | Received a gift from Okawaru
102370 | Abyss:4  | Paralysed by accursed screaming for 1 turns
102378 | Abyss:4  | Paralysed by accursed screaming for 2 turns
102382 | Abyss:4  | Paralysed by accursed screaming for 2 turns
102387 | Abyss:4  | Got an abyssal rune of Zot
102389 | Abyss:4  | Paralysed by accursed screaming for 1 turns
102410 | Abyss:4  | Found a corrupted altar of Lugonu.
102530 | Abyss:4  | Received a gift from Okawaru
102706 | Abyss:4  | Reached skill level 18 in Unarmed Combat
102725 | Zot:2    | Escaped the Abyss
103827 | Zot:3    | Noticed GreedyOne's ghost (legendary FoFi)
103827 | Zot:3    | Received a gift from Okawaru
103846 | Zot:3    | Killed GreedyOne's ghost
103866 | Zot:3    | Received a gift from Okawaru
104288 | Zot:3    | Noticed an orb of fire
104303 | Zot:3    | Killed an orb of fire
104303 | Zot:3    | Received a gift from Okawaru
104792 | Zot:3    | Reached skill level 5 in Evocations
105437 | Zot:4    | Reached skill level 19 in Unarmed Combat
105439 | Zot:4    | Noticed an orb of fire
105448 | Zot:4    | Killed an orb of fire
105534 | Zot:3    | Received a gift from Okawaru
105535 | Zot:3    | Found the +14 obsidian axe {chop, +Fly SInv *Curse}
105989 | Zot:4    | Reached XP level 27. HP: 296/296 MP: 33/39
106480 | Zot:5    | Entered Level 5 of the Realm of Zot
106836 | Zot:5    | Noticed an ancient lich
106847 | Zot:5    | Killed an ancient lich
106873 | Zot:5    | Received a gift from Okawaru
106873 | Zot:5    | Reached skill level 20 in Unarmed Combat
106878 | Zot:5    | Noticed an ancient lich
106882 | Zot:5    | Killed an ancient lich
106900 | Zot:5    | Noticed an ancient lich
106905 | Zot:5    | Killed an ancient lich
107048 | Zot:5    | Noticed an ancient lich
107071 | Zot:5    | Noticed an ancient lich
107079 | Zot:5    | Killed an ancient lich
107084 | Zot:5    | Noticed an ancient lich
107086 | Zot:5    | Killed an ancient lich
107446 | Zot:5    | Noticed an ancient lich
107451 | Zot:5    | Killed an ancient lich
107520 | Zot:5    | Noticed an ancient lich
107528 | Zot:5    | Killed an ancient lich
107528 | Zot:5    | Received a gift from Okawaru
107762 | Zot:5    | Reached skill level 21 in Unarmed Combat
108054 | Zot:5    | Noticed an ancient lich
108060 | Zot:5    | Killed an ancient lich
108060 | Zot:5    | Received a gift from Okawaru
108060 | Zot:5    | Received a gift from Okawaru
108173 | Zot:5    | Noticed an ancient lich
108190 | Zot:5    | Killed an ancient lich
108222 | Zot:5    | Received a gift from Okawaru
108447 | Zot:5    | Killed an ancient lich
108766 | Zot:5    | Received a gift from Okawaru
108769 | Zot:5    | Reached skill level 10 in Evocations
108936 | Zot:5    | Noticed an orb of fire
108946 | Zot:5    | Killed an orb of fire
109343 | Zot:5    | Reached skill level 22 in Unarmed Combat
109498 | Zot:5    | Received a gift from Okawaru
109537 | Zot:5    | Noticed an orb of fire
109549 | Zot:5    | Killed an orb of fire
109549 | Zot:5    | Received a gift from Okawaru
110469 | Zot:5    | Got the Orb of Zot
110860 | D:15     | Received a gift from Okawaru
110896 | D:15     | Noticed Afaki the pandemonium lord
110899 | D:15     | Killed Afaki the pandemonium lord
110899 | D:15     | Received a gift from Okawaru
110929 | D:15     | Noticed Tyetua the pandemonium lord
110950 | D:14     | Killed Tyetua the pandemonium lord
110950 | D:14     | Reached skill level 23 in Unarmed Combat
111345 | D:1      | Noticed Wile the pandemonium lord
111353 | D:1      | Killed Wile the pandemonium lord
111387 | D:$      | Escaped with the Orb!

Skill      XL: |  1  2  3  4  5  6  7  8  9 10 11 12 13 14 15 16 17 18 19 20 21 22 23 24 25 26 27 |
---------------+----------------------------------------------------------------------------------+-----
Unarmed Combat | 3 4 5 6 7 8 9 10 11 12 13 14 15 16 17 19 23 | 23.2
Transmutations | 2 3 5 7 8 10 12 15 17 18 | 18.0
Fighting       | 2 3 4 5 7 8 9 11 12 13 15 16 17 18 19 20 21 | 21.0
Poison Magic   | 1 4 |  4.6
Dodging        | 2 3 4 5 7 8 9 10 13 14 | 14.1
Spellcasting   | 3 6 8 10 12 | 12.1
Ice Magic      | 3 4 6 |  6.0
Invocations    | 3 6 8 11 12 | 12.0
Shields        | 2 7 9 |  9.0
Armour         | 1 3 4 |  4.3
Earth Magic    | 8 |  8.0
Translocations | 4 5 |  5.0
Air Magic      | 4 |  4.4
Hexes          | 5 9 10 12 14 | 14.1
Throwing       | 7 11 | 11.0
Evocations     | 6 12 | 12.0

Action                   |  1- 3 |  4- 6 |  7- 9 | 10-12 | 13-15 | 16-18 | 19-21 | 22-24 | 25-27 || total
-------------------------+-------+-------+-------+-------+-------+-------+-------+-------+-------++-------
Melee: Unarmed           |   150 |   148 |   322 |   719 |  1337 |  1369 |  1394 |  1367 |  1141 ||  7947
       Kick              |     7 |     8 |    14 |     7 |       |       |       |       |       ||    36
       Headbutt          |     5 |     7 |     7 |       |       |       |       |       |       ||    19
       Punch             |     1 |       |     2 |    10 |    13 |    24 |    23 |       |       ||    73
Throw: Tomahawk          |     2 |     5 |     1 |       |       |       |       |       |       ||     8
       Stone             |       |     3 |    23 |     1 |     4 |       |       |       |       ||    31
       Large rock        |       |       |       |       |     3 |    16 |    10 |     6 |   170 ||   205
 Cast: Beastly Appendage |    14 |    16 |    23 |     4 |       |       |       |       |       ||    57
       Sticks to Snakes  |     3 |    14 |    33 |    44 |    24 |    38 |    44 |       |       ||   200
       Spider Form       |       |     9 |    31 |    37 |     1 |       |       |       |       ||    78
       Ice Form          |       |       |       |    33 |   112 |   110 |     1 |       |       ||   256
       Blade Hands       |       |       |       |       |    12 |    48 |    41 |       |       ||   101
       Statue Form       |       |       |       |       |       |       |    48 |    65 |    85 ||   198
       Blink             |       |       |       |       |       |       |     1 |     2 |       ||     3
       Invisibility      |       |       |       |       |       |       |       |     1 |    17 ||    18
       Swiftness         |       |       |       |       |       |       |       |       |     1 ||     1
       Apportation       |       |       |       |       |       |       |       |       |     2 ||     2
Invok: Heroism           |       |       |       |     3 |    27 |    27 |    15 |    23 |    24 ||   119
       Finesse           |       |       |       |       |     7 |    10 |    13 |     7 |     7 ||    44
 Abil: End Transformatio |       |       |       |       |    10 |    10 |     2 |       |       ||    22
Evoke: Wand              |       |       |       |       |     1 |     1 |     7 |       |     3 ||    12
       Fan of gales      |       |       |       |       |       |       |       |     1 |       ||     1
  Use: Scroll            |       |     5 |     9 |    11 |    11 |    25 |    24 |    12 |    12 ||   109
       Potion            |       |       |     1 |     1 |     5 |    23 |    11 |     9 |    12 ||    62
 Stab: Distracted        |       |     1 |     2 |     2 |     1 |     1 |     1 |       |       ||     8
       Sleeping          |       |       |       |     1 |       |     1 |       |       |       ||     2
       Invisible         |       |       |       |       |       |       |       |     1 |    44 ||    45
  Eat: Chunk             |     3 |    13 |    21 |    31 |    43 |    28 |    50 |    38 |    21 ||   248
       Ration            |       |       |     1 |     4 |     8 |    24 |     9 |     9 |    15 ||    70
Armor: Robe              |    61 |    30 |    23 |    31 |       |       |       |       |       ||   145
       Skin              |       |       |     2 |    51 |   161 |   130 |   381 |   729 |   546 ||  2000
       Troll leather arm |       |       |       |     4 |    43 |       |       |       |       ||    47
       Acid dragon scale |       |       |       |       |     1 |     1 |       |       |       ||     2
       Swamp dragon scal |       |       |       |       |       |   302 |   223 |    23 |    22 ||   570
Dodge: Dodged            |    89 |    79 |   205 |   474 |   750 |   854 |   706 |   885 |   657 ||  4699
Block: Other             |       |       |       |       |    81 |   200 |    54 |       |       ||   335
       Shield            |       |       |       |       |     5 |   114 |   809 |  1358 |   897 ||  3183
       Reflection        |       |       |       |       |     4 |     7 |    86 |    58 |    39 ||   194
